 Dungeon Crawl Stone Soup version 0.27.1-2-g3b301248ec (webtiles) character file.

Game seed: 14878018673080260305

2415 belegose the Magician (level 9, 0/61 HPs)
             Began as a Mummy Earth Elementalist on Oct 4, 2021.
             Was a Follower of Hepliaklqana.
             Slain by a killer bee (8 damage)
             ... on level 7 of the Dungeon.
             The game lasted 00:34:31 (11915 turns).

belegose the Magician (Mummy Earth Elementalist)   Turns: 11915, Time: 00:34:33

Health: 0/61       AC:  2    Str: 12    XL:     9   Next: 23%
Magic:  1/18       EV: 16    Int: 16    God:    Hepliaklqana [*.....]
Gold:   193        SH:  0    Dex: 13    Spells: 12/20 levels left

rFire    x . .     SeeInvis .   b - +1 spear (flame)
rCold    + . .     Faith    .   (no shield)
rNeg     + + +     Spirit   .   o - +0 robe
rPois    ∞         Reflect  .   (no helmet)
rElec    .         Harm     .   (no cloak)
rCorr    .         Rampage  .   (no gloves)
Will     +....                  (no boots)
Stlth    +++.......             (no amulet)
HPRegen  0.20/turn              l - +4 ring of evasion
MPRegen  0.16/turn              (no ring)

@: no status effects
A: reduced essence, cold resistance 1, negative energy resistance 3, torment
resistance 2, heat vulnerability 1, no potions
a: Renounce Religion, Recall Ancestor, Ancestor Identity


You were on level 7 of the Dungeon.
You worshipped Hepliaklqana.
Hepliaklqana was aware of your devotion.
You visited 2 branches of the dungeon, and saw 8 of its levels.
You also visited: Sewer.

You collected 303 gold pieces.
You spent 110 gold pieces at shops.

Inventory:

Hand Weapons
 a - a +0 dagger
 b - a +1 spear of flaming (weapon)
 r - a +0 quarterstaff
Missiles
 c - 57 stones
 d - 50 bolts
 e - 43 sling bullets
 m - 3 javelins (quivered)
 s - 46 poisoned darts
 t - a throwing net
Armour
 n - a +0 ring mail
 o - a +0 robe (worn)
 p - a +0 leather armour
Jewellery
 k - the amulet of Inoyxyc {RegenMP Will- rCorr Str+5}
   (You bought it in a shop on level 3 of the Dungeon)

   [amulet of magic regeneration]

   It increases your rate of magic regeneration.
   Str:       It affects your strength (+5).
   rCorr:     It protects you from acid and corrosion.
   Will:      It decreases your willpower.
 l - a +4 ring of evasion (left hand)
 v - a ring of flight
Scrolls
 f - a scroll of blinking {unknown}
 g - a scroll of enchant weapon
 h - 4 scrolls of magic mapping
 i - 2 scrolls of fog
 j - 2 scrolls of noise
 q - a scroll of vulnerability
 u - a scroll of amnesia
 w - 3 scrolls of teleportation
 x - a scroll of enchant armour
 y - 4 scrolls of fear {unknown}
 z - 3 scrolls of identify


   Skills:
 - Level 5.2 Fighting
 + Level 1.8 Armour
 - Level 1.5 Dodging
 + Level 5.7 Stealth
 + Level 6.1 Spellcasting
 + Level 2.9 Conjurations
 - Level 0.7 Transmutations
 - Level 3.0 Air Magic
 - Level 3.3 Earth Magic
 - Level 3.0 Poison Magic
 + Level 1.9 Invocations


You had 12 spell levels left.
You knew the following spells:

 Your Spells              Type           Power      Damage    Failure   Level
a - Sandblast             Erth           30%        2d9       3%          1
b - Stone Arrow           Conj/Erth      28%        3d8       12%         3
c - Poisonous Vapours     Pois/Air       28%        N/A       6%          2
d - Passwall              Tmut/Erth      9%         N/A       9%          2

Your spell library contained the following spells:

 Spells                   Type           Power      Damage    Failure   Level
 Corpse Rot               Necr/Air       N/A        N/A       11%         2
 Petrify                  Tmut/Erth      11%        N/A       52%         4
 Freezing Cloud           Conj/Ice/Air   5%         6-21      86%         5
 Irradiate                Conj/Tmut      5%         3d15      87%         5
 Sublimation of Blood     Necr           Unusable   N/A       N/A         2

Dungeon Overview and Level Annotations

Branches:
Dungeon (7/15)             Temple (1/1) D:5           Sewer (visited)

Altars:
Ashenzari
Cheibriados
Elyvilon
Hepliaklqana
Kikubaaqudgha
Makhleb
Okawaru
Qazlal
Ru
Sif Muna
Trog
Uskayaw
Wu Jian
Xom
Zin

Shops:
D:3 *


Innate Abilities, Weirdness & Mutations

Your life essence is reduced to manifest your ancestor. (-10% HP)
You are immune to poison.
Your flesh is cold resistant. (rC+)
You are immune to negative energy. (rN+++)
You are immune to unholy pain and torment.
You are vulnerable to heat. (rF-)
You do not drink.


Message History

Bongani hits the killer bee but does no damage.
The killer bee barely misses you.
You miss the killer bee.
The killer bee is heavily wounded.
The killer bee stings you.
Bongani barely misses the killer bee.
Something hits Bongani but does no damage.
The killer bee stings you.
* * * LOW HITPOINT WARNING * * *
Bongani completely misses the killer bee.
You hit the killer bee but do no damage.
The killer bee is heavily wounded.
The killer bee barely misses you.
Something hits Bongani but does no damage.
The killer bee stings you!
* * * LOW HITPOINT WARNING * * *
Bongani barely misses the killer bee.
You hit the killer bee. You burn the killer bee.
The killer bee is severely wounded.
The killer bee looks more healthy.
The killer bee closely misses you. The killer bee barely misses you.
Something misses Bongani.
Bongani hits the killer bee!
The killer bee dies!
Unknown command.
What are your orders? t - Shout!
Orders for allies: a - Attack new target. r - Retreat! s - Stop attacking. g - Guard the area. f - Follow me.
Anything else - Cancel.
Gang up on whom?
Press: ? - help, Dir - move target, f - killer bee
Aim: a killer bee Attack!
Something hits Bongani.
Bongani is splashed with acid.
The acid corrodes Bongani!
The killer bee stings you.
* * * LOW HITPOINT WARNING * * *
Bongani barely misses the killer bee.
You hit the killer bee but do no damage.
The killer bee barely misses you.
Something barely misses Bongani.
The killer bee stings you!
You die...

##### ###
#...##############..
#
#.........<.....##.#
.#
##...#.######.##.##.#
###.# ........#
#.##@##.##....#
........#
#.##y##.#...#!##
........#
#....R..y†#....#
##.[.####
####.##.R......##.
#......#
#..............
#....#.#
#.#####.##..##.
.)..##.# #.# #.# .#
..####.#########.#
#>#
..####...........#
#.#


You could see the friendly Bongani the ancestor (corroded) and a killer bee
(ally target).

Vanquished Creatures
  A necrophage (D:5)
  A sky beast (D:5)
  3 ogres
  2 centaurs
  2 bullfrogs (Sewer)
  2 scorpions (D:5)
  A water moccasin skeleton (D:4)
  A wyvern skeleton (D:7)
  3 killer bees (D:7)
  5 jellies
  7 hounds
  2 orc priests (D:5)
  2 bullfrog skeletons
  3 iguanas
  Natasha (thrice) (D:2)
  A killer bee zombie (D:6)
  A hound skeleton (D:5)
  A howler monkey zombie (D:6)
  7 river rats
  9 adders
  2 ufetubi
  An adder zombie (D:2)
  A dart slug (D:1)
  6 orcs
  15 ball pythons
  2 bat zombies (D:2)
  6 endoplasms
  5 giant cockroaches
  11 goblins
  7 hobgoblins
  4 jackals (D:3)
  5 kobolds
  6 quokkas
  A ball python skeleton (D:2)
  6 bats
  12 frilled lizards
  19 rats
166 creatures vanquished.

Vanquished Creatures (collateral kills)
  An ice beast (D:6)
  A necrophage (D:6)
  A bullfrog (D:7)
  2 killer bees (D:7)
  A howler monkey (D:6)
  A hound (D:6)
  3 adders (Sewer)
  A river rat (Sewer)
  5 ball pythons
  2 frilled lizards (Sewer)
  7 rats (Sewer)
25 creatures vanquished.

Vanquished Creatures (others)
  A troll (D:6)
  A black bear (D:6)
  A necrophage (D:6)
  A centaur (D:6)
  A scorpion (D:6)
  2 hounds (D:6)
  An adder (D:6)
  3 ancestors
  A shadow imp (D:6)
  7 plants (D:6)
19 creatures vanquished.

Grand Total: 210 creatures vanquished

Notes
Turn   | Place    | Note
-------+----------+-------------------------------------------
     0 | D:1      | belegose the Mummy Earth Elementalist began the quest for
                  | the Orb.
     0 | D:1      | Reached XP level 1. HP: 13/13 MP: 4/4
    52 | D:1      | Found a faded altar of an unknown god.
   261 | D:1      | Reached XP level 2. HP: 6/20 MP: 3/5
   865 | D:1      | Reached skill level 3 in Spellcasting
  1059 | D:1      | Reached skill level 1 in Fighting
  1327 | D:1      | Reached XP level 3. HP: 21/26 MP: 4/7
  2309 | D:2      | Noticed Natasha
  2901 | D:2      | Reached XP level 4. HP: 20/32 MP: 5/9
  2925 | D:2      | Killed Natasha
  3063 | D:2      | Noticed Natasha
  3071 | D:2      | Killed Natasha
  3263 | D:2      | Noticed Natasha
  3270 | D:2      | Killed Natasha
  3271 | D:2      | Reached skill level 4 in Spellcasting
  3271 | D:2      | Reached XP level 5. HP: 26/38 MP: 4/11
  3948 | D:2      | Learned a level 3 spell: Stone Arrow
  4269 | D:3      | Learned a level 2 spell: Poisonous Vapours
  4857 | D:3      | Found Ochecouj's Assorted Antiques.
  4865 | D:3      | Bought a twitching bone amulet for 110 gold pieces
  4865 | D:3      | Identified the amulet of Inoyxyc {RegenMP Will- rCorr
                  | Str+5} (You bought it in a shop on level 3 of the Dungeon)
  5066 | D:3      | Found a faded altar of an unknown god.
  5066 | D:3      | Found an ancient bone altar of Kikubaaqudgha.
  5074 | D:3      | Found a faded altar of an unknown god.
  5076 | D:3      | Found a shimmering blue altar of Sif Muna.
  5078 | D:3      | Found a snail-covered altar of Cheibriados.
  5885 | D:4      | Reached skill level 1 in Air Magic
  5885 | D:4      | Reached skill level 1 in Poison Magic
  5885 | D:4      | Reached XP level 6. HP: 46/46 MP: 9/12
  6945 | D:5      | Entered Level 5 of the Dungeon
  7416 | D:5      | Found a stormy altar of Qazlal.
  7448 | D:5      | Reached XP level 7. HP: 44/52 MP: 13/13
  8135 | D:5      | Found a staircase to the Ecumenical Temple.
  8157 | Temple   | Entered the Ecumenical Temple
  8171 | Temple   | Became a worshipper of Hepliaklqana the Forgotten
  8961 | D:5      | Reached XP level 8. HP: 58/61 MP: 9/14
  9068 | D:5      | Learned a level 2 spell: Passwall
  9612 | D:6      | Killed a troll
  9798 | D:6      | Reached skill level 1 in Conjurations
  9864 | D:6      | Reached * piety under Hepliaklqana
  9890 | D:6      | Reached skill level 5 in Stealth
  9892 | D:6      | Reached skill level 5 in Fighting
  9892 | D:6      | Reached skill level 5 in Spellcasting
  9899 | D:6      | Identified the +1 robe "Atwo" {*Corrode rPois rC+ Str+2
                  | Int+4}
 10034 | D:6      | Found a glowing drain.
 10061 | Sewer    | Entered a sewer
 10914 | Sewer    | Reached skill level 1 in Armour
 10914 | Sewer    | Reached skill level 1 in Invocations
 11358 | D:6      | Found a shimmering altar of Xom.
 11394 | D:6      | Reached XP level 9. HP: 61/61 MP: 17/17
 11903 | D:7      | Reached skill level 6 in Spellcasting
 11915 | D:7      | Slain by a killer bee

Illustrated notes

Levels and vault maps discovered:
D:1:      minmay_arrival_jagged, layout_basic, chequers_ecumenical_altar_simple,
          minivault_23, minmay_pentomino_z2
D:2:      layout_basic, serial_undead, serial_undead_c, serial_undead_c,
          serial_undead_d, serial_undead_e, mrwooster_statue_mirror,
          grunt_decor_clamped, nrook_mini_backslash, uniq_natasha
D:3:      layout_loops_cross, chequers_temple_overflow_minitemple, serial_shops,
          shop, serial_forest, infiniplex_forest_straight_1,
          infiniplex_forest_lined_room_2, infiniplex_forest_clump_double,
          infiniplex_forest_lined_corner, infiniplex_forest_zigzag_1,
          infiniplex_forest_clump_double
D:4:      layout_basic, minmay_distorted
D:5:      layout_basic, gammafunk_temple_overflow_pools,
          minmay_temple_entry_waves, minmay_misc_feat_enclosed,
          hex_intersection, minivault_27, grunt_ministairs_12
D:6:      layout_rooms, xom_confusion_cloud, portal_sewer_entry_c,
          minmay_lizard_king
D:7:      layout_loops_ring, lemuel_mausoleum_altar_yredelemnul,
          uniq_crazy_yiuf_cottage
Temple:   zaba_magenta_temple

Skill      XL: |  1  2  3  4  5  6  7  8  9 |
---------------+----------------------------+-----
Spellcasting   | 3 4 5 6 |  6.1
Stealth        | 2 3 4 5 |  5.7
Fighting       | 1 2 3 4 5 |  5.2
Earth Magic    | 3 |  3.3
Air Magic      | 1 2 3 |  3.0
Poison Magic   | 1 2 3 |  3.0
Conjurations   | 2 |  2.9
Armour         | 1 |  1.8
Invocations    | 1 |  1.9
Dodging        | |  1.5
Transmutations | |  0.7

Action                   |  1- 3 |  4- 6 |  7- 9 || total
-------------------------+-------+-------+-------++-------
Melee: Dagger            |   138 |   189 |       ||   327
       Spear             |       |    39 |   225 ||   264
Throw: Javelin           |       |       |     7 ||     7
 Cast: Sandblast         |    26 |    47 |    53 ||   126
       Poisonous Vapours |       |       |    71 ||    71
       Stone Arrow       |       |       |     5 ||     5
       Passwall          |       |       |     1 ||     1
  Use: Scroll            |       |       |    10 ||    10
 Stab: Sleeping          |     2 |     6 |     2 ||    10
       Distracted        |       |       |     1 ||     1
Armor: Robe              |    23 |    41 |    36 ||   100
Dodge: Dodged            |    89 |   203 |   300 ||   592
